 Dungeon Crawl Stone Soup version 0.29.1-12-g30fa7ad0bf (webtiles) character file.

Game seed: 5802297617985983653

3 ChadusMaximus the Covered (level 1, 0/20 HPs)
             Began as a Minotaur Fighter on Dec 13, 2022.
             Slain by a gnoll
             ... wielding a +0 spear
              (2 damage)
             ... on level 1 of the Dungeon.
             The game lasted 00:00:10 (147 turns).

ChadusMaximus the Covered (Minotaur Fighter)         Turns: 147, Time: 00:00:10

Health: 0/20       AC:  7    Str: 20    XL:     1   Next: 41%
Magic:  0/0        EV:  9    Int:  5    God:
Gold:   8          SH:  4    Dex:  9    Spells: 0/0 levels left

rFire   . . .      SeeInvis .   a - +0 war axe
rCold   . . .      Faith    .   c - +0 buckler
rNeg    . . .      Spirit   .   b - +0 scale mail
rPois   .          Reflect  .   (helmet restricted)
rElec   .          Harm     .   (no cloak)
rCorr   .          Rampage  .   (no gloves)
Will    .....                   (no boots)
Stlth   ..........              (no amulet)
HPRegen 0.06/turn               (no ring)
MPRegen 0.07/turn               (no ring)

@: no status effects
A: horns 2, retaliatory headbutt
a: no special abilities


You were on level 1 of the Dungeon.
You visited 1 branch of the dungeon, and saw 1 of its levels.

You collected 8 gold pieces.

Inventory:

Hand Weapons
 a - a +0 war axe (weapon)
Armour
 b - a +0 scale mail (worn)
 c - a +0 buckler (worn)
Scrolls
 e - a scroll of teleportation {unknown}
Potions
 d - a potion of might


   Skills:
 + Level 3.7 Fighting
 + Level 2.5 Axes
 + Level 3.7 Armour
 + Level 3.7 Shields


You couldn't memorise any spells.
You didn't know any spells.
Your spell library was empty.

Dungeon Overview and Level Annotations

Branches:
Dungeon (1/15)

Altars:


Innate Abilities, Weirdness & Mutations

You have a pair of horns on your head.
You reflexively headbutt those who attack you in melee.


Message History

A quokka is nearby!
The quokka completely misses you.
A quokka is nearby!
You slash the quokka!
You kill the quokka!
You see here a quokka corpse.
A gnoll and a goblin come into view.
Found 32 gold pieces.
The goblin shouts!
Found 32 gold pieces.
There are monsters nearby!
The goblin hits you with a +0 dagger.
There are monsters nearby!
You barely miss the goblin. The goblin barely misses you. x2
The gnoll hits you from afar with a +0 spear.
There are monsters nearby!
You closely miss the goblin. Your headbutt misses the goblin.
The goblin hits you with a +0 dagger.
The gnoll hits you from afar with a +0 spear.
There are monsters nearby!
You are too injured to fight recklessly!
There are monsters nearby!
You are too injured to fight recklessly!
Unknown command.
You miss the goblin. The goblin hits you but does no damage.
The gnoll hits you from afar with a +0 spear.
* * * LOW HITPOINT WARNING * * *
You completely miss the goblin. You headbutt the goblin.
You kill the goblin!
The gnoll hits you from afar with a +0 spear.
* * * LOW HITPOINT WARNING * * *
The gnoll barely misses you. The gnoll barely misses you.
You see here a +0 dagger.
Found 10 gold pieces.
The gnoll hits you but does no damage.
You barely miss the gnoll. The gnoll hits you with a +0 spear.
* * * LOW HITPOINT WARNING * * *
You barely miss the gnoll. Your headbutt misses the gnoll.
The gnoll barely misses you. The gnoll hits you with a +0 spear.
You die...

########...#..
#....PPPPP...$
#....P$$$P..#
#....P$$$P..#
#....P$$$P..#
#....PPPPP..#
#...........# #.
#....g@.....# .
#....)......#.####
#.$.........#....
######+#.#.....#
#.#.#.#...####
#............
###.#†##..### .
#.#.....#### ..
#..........##.##


You could see a gnoll.

Vanquished Creatures
  A quokka (D:1)
  A ball python (D:1)
  A frilled lizard (D:1)
  A goblin (D:1)
4 creatures vanquished.

Notes
Turn   | Place    | Note
-------+----------+-------------------------------------------
     0 | D:1      | ChadusMaximus the Minotaur Fighter began the quest for the
                  | Orb.
     0 | D:1      | Reached XP level 1. HP: 19/19 MP: 0/0
   147 | D:1      | Slain by a gnoll

Illustrated notes

Levels and vault maps discovered:
D:1:      tarquinn_simple_flora_water_f, layout_basic,
          ebering_ecumenical_altar_ruins, minmay_gold_behind_fungi, st_stairs_3,
          chequers_serial_rivers_small_3

Action                   || total
-------------------------++-------
Melee: War axe           ||    17
       Headbutt          ||     1
Armor: Scale mail        ||     9
Dodge: Dodged            ||    11
Block: Buckler           ||     3
